 Dungeon Crawl Stone Soup version 0.28.0-53-g5a82cb258f (webtiles) character file.

Game seed: 4764123155535449177

252 H0rd4k the Charlatan (level 6, 0/45 HPs)
             Began as a Human Artificer on Aug 4, 2022.
             Slain by a gnoll
             ... wielding a +0 spear
              (9 damage)
             ... on level 3 of the Dungeon.
             The game lasted 00:03:32 (3752 turns).

H0rd4k the Charlatan (Human Artificer)              Turns: 3752, Time: 00:03:33

Health: 0/45       AC:  4    Str: 12    XL:     6   Next: 36%
Magic:  6/6        EV: 12    Int: 13    God:
Gold:   55         SH:  0    Dex: 14    Spells: 5/5 levels left

rFire   + . .      SeeInvis .   h - +2 dagger (venom)
rCold   + . .      Faith    .   (no shield)
rNeg    . . .      Spirit   .   b - +0 leather armour
rPois   .          Reflect  .   (no helmet)
rElec   .          Harm     .   q - scarf {rC+ rF+}
rCorr   .          Rampage  .   n - +0 pair of gloves
Will    .....                   (no boots)
Stlth   +.........              (no amulet)
HPRegen 0.15/turn               (no ring)
MPRegen 0.10/turn               (no ring)

@: confused, ambrosia-drunk
A: no striking features
a: no special abilities


You were on level 3 of the Dungeon.
You visited 1 branch of the dungeon, and saw 3 of its levels.

You collected 55 gold pieces.

Inventory:

Hand Weapons
 a - a +0 club
 h - a +2 dagger of venom (weapon)
 j - a +2 short sword of draining
Missiles
 u - a throwing net
Armour
 b - a +0 leather armour (worn)
 i - a scarf of shadows
 n - a +0 pair of gloves (worn)
 o - a +0 cloak
 q - a scarf of resistance (worn)
Jewellery
 r - a ring of positive energy
 t - an amulet of guardian spirit
Wands
 c - a wand of flame (26) (quivered)
 d - a wand of charming (14)
Scrolls
 f - 2 scrolls of teleportation {unknown}
 g - a scroll of summoning {unknown}
 m - a scroll of identify {unknown}
 p - a scroll of immolation {unknown}
Potions
 l - a potion of curing {unknown}
 s - a potion of might {unknown}
Miscellaneous
 e - a piece from Xom's chessboard (15/15)


   Skills:
 + Level 2.3 Fighting
 + Level 3.4 Short Blades
 - Level 2.0 Armour
 + Level 2.0 Dodging
 - Level 1.0 Stealth
 * Level 0.4 Spellcasting
 + Level 4.5 Evocations


You had 5 spell levels left.
You didn't know any spells.
Your spell library contained the following spells:

 Spells                   Type           Power      Damage    Failure   Level
 Summon Small Mammal      Summ           0%         N/A       36%         1


Dungeon Overview and Level Annotations

Branches:
Dungeon (3/15)

Altars:
Kikubaaqudgha
Wu Jian


Message History

You barely miss the gnoll.
The gnoll is heavily wounded.
The gnoll hits you from afar with a +0 spear.
The gnoll hits you with a +0 flail.
You hit the gnoll.
You kill the gnoll!
The gnoll hits you from afar with a +0 spear.
Your Dodging skill increases to level 2!
You hit the orc wizard.
The orc wizard is poisoned.
The orc wizard is moderately wounded.
The orc wizard hits you but does no damage.
You barely miss the orc wizard.
The orc wizard is moderately wounded.
The gnoll hits you from afar with a +0 spear.
You hit the orc wizard.
The orc wizard looks as sick as possible!
The orc wizard is severely wounded.
The orc wizard casts a spell at you. The puff of flame hits you. You resist.
There is a huge open gate here.
The orc wizard points at you and mumbles some strange words.
You are confused.
You kill the orc wizard!
The gnoll barely misses you. The gnoll hits you with a +0 spear.
The gnoll hits you with a +0 spear.
* * * LOW HITPOINT WARNING * * *
There is a huge open gate here.
The gnoll hits you but does no damage.
You feel less confused.
The gnoll hits you from afar with a +0 spear!
* * * LOW HITPOINT WARNING * * *
There is a huge open gate, spattered with blood here.
Found a chain mail.
You are confused.
You feel invigorated.
The gnoll hits you from afar with a +0 spear.
* * * LOW HITPOINT WARNING * * *
The gnoll hits you with a +0 spear!
You die...

#.# #.# #.#
########.###########
....................
≈≈≈≈≈≈≈....≈≈≈≈≈≈≈≈≈
≈≈≈≈≈≈≈)...≈≈≈≈≈≈≈≈≈
≈≈≈≈≈≈≈....≈)≈≈≈≈≈≈≈
..........g@.......[
#######')''#########
..... #....#.......
......#....#.......
......)...)).......
##################+


You could see a gnoll.

Vanquished Creatures
  An orc priest (D:3)
  Ijyb (D:3)
  2 orc wizards (D:3)
  2 adders (D:2)
  3 gnolls (D:3)
  2 worms (D:2)
  3 dart slugs
  8 orcs (D:3)
  4 endoplasms
  8 goblins
  9 hobgoblins
  4 jackals (D:3)
  2 quokkas
  8 ball pythons
  5 bats
  4 frilled lizards
  6 kobolds
  4 rats
76 creatures vanquished.

Vanquished Creatures (collateral kills)
  2 orcs (D:3)
2 creatures vanquished.

Vanquished Creatures (others)
  2 fungi (D:2)
  2 withered plants (D:3)
4 creatures vanquished.

Grand Total: 82 creatures vanquished

Notes
Turn   | Place    | Note
-------+----------+-------------------------------------------
     0 | D:1      | H0rd4k the Human Artificer began the quest for the Orb.
     0 | D:1      | Reached XP level 1. HP: 15/15 MP: 1/1
   230 | D:1      | Reached XP level 2. HP: 13/21 MP: 2/2
   770 | D:1      | Reached XP level 3. HP: 25/26 MP: 3/3
   837 | D:1      | Reached skill level 4 in Evocations
  1354 | D:2      | Reached skill level 1 in Short Blades
  1354 | D:2      | Reached XP level 4. HP: 21/32 MP: 4/4
  1569 | D:2      | Found an ornate altar of the Wu Jian Council.
  1731 | D:2      | Found a faded altar of an unknown god.
  1738 | D:2      | Got Plato's Handbook of the Entourage
  2487 | D:3      | Found an ancient bone altar of Kikubaaqudgha.
  2628 | D:3      | Noticed Ijyb
  2650 | D:3      | Killed Ijyb
  2651 | D:3      | Reached XP level 5. HP: 27/37 MP: 5/5
  3275 | D:3      | Found an ornate altar of the Wu Jian Council.
  3544 | D:3      | Reached XP level 6. HP: 44/44 MP: 6/6
  3752 | D:3      | Slain by a gnoll

Illustrated notes

Levels and vault maps discovered:
D:1:      minmay_arrival_semitransparent, layout_rooms
D:2:      layout_loops_corners, basic_altar,
          shapermc_ecumenical_altar_rom_forum, kennysheep_generic_room_6
D:3:      lemuel_castle_with_subvaults [lemuel_castle_interior_carwin_3],
          layout_basic, mainiacjoe_overflow_alcove_1, kiku_gazebo_garden_becter,
          grunt_decor_one_mirror, minmay_misc_feat_hallway, uniq_robin,
          uniq_ijyb, uniq_terence

Skill      XL: |  1  2  3  4  5  6 |
---------------+-------------------+-----
Evocations     | 4 |  4.5
Short Blades   | 1 2 3 |  3.4
Fighting       | 2 |  2.3
Dodging        | 2 |  2.0
Armour         | |  2.0
Stealth        | |  1.0
Spellcasting   | |  0.4

Action                   |  1- 3 |  4- 6 || total
-------------------------+-------+-------++-------
Melee: Club              |    13 |       ||    13
       Dagger            |    68 |   165 ||   233
       Punch             |     1 |     2 ||     3
Evoke: Wand              |     1 |     1 ||     2
  Use: Potion            |       |     2 ||     2
 Stab: Sleeping          |     2 |       ||     2
Armor: Leather armour    |    10 |    44 ||    54
Dodge: Dodged            |    40 |    68 ||   108
